 Dungeon Crawl Stone Soup version 0.30.0-29-ga12c61a403 (webtiles) character file.

Game seed: 9188319260936885353

34 H0rd4k the Charlatan (level 3, 0/26 HPs)
             Began as a Human Artificer on June 21, 2023.
             Slain by a worm (10 damage)
             ... on level 2 of the Dungeon.
             The game lasted 00:01:24 (1636 turns).

H0rd4k the Charlatan (Human Artificer)              Turns: 1636, Time: 00:01:24

Health: 0/26       AC:  3    Str: 12    XL:     3   Next: 50%
Magic:  3/3        EV: 11    Int: 13    God:
Gold:   76         SH:  0    Dex: 13    Spells: 2/2 levels left

rFire   . . .        a - +0 club
rCold   . . .        (no shield)
rNeg    . . .        b - +0 leather armour
rPois   .            (no helmet)
rElec   .            (no cloak)
rCorr   .            (no gloves)
SInv    .            (no boots)
Will    .....        (no amulet)
Stlth   +            (no ring)
HPRegen 0.24/turn    (no ring)
MPRegen 0.08/turn

%: no passive effects
@: no status effects
A: no striking features
a: no special abilities


You were on level 2 of the Dungeon.
You visited 1 branch of the dungeon, and saw 2 of its levels.

You collected 76 gold pieces.

Inventory:

Hand Weapons
 a - a +0 club (weapon)
Armour
 b - a +0 leather armour (worn)
Jewellery
 q - a ring of flight
Wands
 c - a wand of flame (15) (quivered)
 d - a wand of charming (9)
 e - a wand of iceblast (5)
Scrolls
 f - a scroll of immolation {unknown}
 h - a scroll of noise {unknown}
 k - 2 scrolls of fog {unknown}
 m - a scroll of amnesia {unknown}
 n - 2 scrolls of magic mapping {unknown}
 o - a scroll of butterflies {unknown}
 p - a scroll of identify {unknown}
Potions
 g - a potion of curing {unknown}
 i - a potion of attraction {unknown}
 j - a potion of heal wounds {unknown}
 l - a potion of lignification {unknown}


   Skills:
 + Level 1.1 Fighting
 + Level 1.1 Maces & Flails
 - Level 2.0 Armour
 + Level 1.5 Dodging
 + Level 1.2 Stealth
 + Level 3.6 Evocations


You had 2 spell levels left.
You didn't know any spells.
Your spell library was empty.

Dungeon Overview and Level Annotations

Branches:
Dungeon (2/15)

Altars:

Annotations:
D:2 Sigmund


Message History

The kobold is moderately wounded.
The kobold hits you with a +0 short sword.
You hit the kobold.
You kill the kobold!
No target in view!
No target in view!
No target in view!
No target in view!
No target in view!
No target in view!
Things that are here:
a +0 short sword; a kobold corpse
Things that are here:
a +0 short sword; a kobold corpse You see here a +0 dagger.
A worm comes into view.
A worm is nearby!
A worm is nearby!
You barely miss the worm. You hit the worm.
The worm is lightly wounded.
The worm barely misses you.
You hit the worm but do no damage.
The worm is lightly wounded.
The worm closely misses you.
You hit the worm.
The worm is lightly wounded.
The worm bites you!
You hit the worm.
The worm is moderately wounded.
You hit the worm but do no damage.
The worm is moderately wounded.
The worm completely misses you.
You barely miss the worm.
The worm is lightly wounded.
The worm bites you!
You hit the worm but do no damage.
The worm is lightly wounded.
The worm bites you!
You die...

.###.#####.......#
#..## .# #...#
######.)# #..# .#
###.# #..# #..# .#
#.# #..# #.## ## #.#
#..# #.# #.# ##.#
##.##
#.#########.####...##
#..<................#
#..########@........#
#..# #####w##......#
#..# ##...#.##.#...##
#..###......##.##.##
#....).....###....#
##.###.....(......#
#.# ##...####..#.#
#.# ###..# #....#
#.#######.###...##


You could see a worm.

Vanquished Creatures
  A dart slug (D:1)
  4 endoplasms
  2 giant cockroaches
  3 goblins
  2 hobgoblins
  2 quokkas
  3 ball pythons
  3 bats (D:1)
  3 frilled lizards
  4 kobolds
27 creatures vanquished.

Vanquished Creatures (collateral kills)
  An endoplasm (D:1)
  A ball python (D:1)
2 creatures vanquished.

Vanquished Creatures (others)
  2 ball pythons (D:1)
  A frilled lizard (D:1)
3 creatures vanquished.

Grand Total: 32 creatures vanquished

Notes
Turn   | Place    | Note
-------+----------+-------------------------------------------
     0 | D:1      | H0rd4k the Human Artificer began the quest for the Orb.
     0 | D:1      | Reached XP level 1. HP: 15/15 MP: 1/1
   435 | D:1      | Reached XP level 2. HP: 4/21 MP: 2/2
  1009 | D:1      | Reached XP level 3. HP: 19/26 MP: 3/3
  1217 | D:2      | Reached skill level 1 in Maces & Flails
  1492 | D:2      | Noticed Sigmund
  1636 | D:2      | Slain by a worm

Illustrated notes

Levels and vault maps discovered:
D:1:      mrwooster_arrival_statue_3, layout_loops_ring,
          minmay_shallow_snake_nest
D:2:      layout_loops_ring, serial_glass, glass_columns_a, glass_columns_c,
          uniq_sigmund

Skill      XL: |  1  2  3 |
---------------+----------+-----
Maces & Flails | 1 |  1.1
Fighting       | |  1.1
Armour         | |  2.0
Dodging        | |  1.5
Stealth        | |  1.2
Evocations     | |  3.6

Action                     || total
---------------------------++-------
  Melee: Club              ||   167
         Punch             ||     2
  Evoke: Wand              ||     6
   Stab: Sleeping          ||     1
 Armour: Leather armour    ||    52
  Dodge: Dodged            ||   115
